[ PARTIDA AOE2 · #459587752 ]
UnrankedPolacos vs Hindustanis
[ ANÁLISIS DE REPETICIÓN · EXTRAÍDO DE LA PARTIDA GRABADA ]
Feudal
—
Castillos
—
Imperial
—
| APM promedio | 6.4 |
| APM pico | 32 |
| eAPM promedio | 3.7 |
| Aldeanos / militares | 42 / 34 |
Foco
⚔️ 20.6% · 🌾 79.4%
Fishing Ship ×33 · Fire Galley ×14 · Knight ×8 · Demolition Raft ×6 · Unknown (2626) ×5 · Militia ×5
Feudal
—
Castillos
—
Imperial
—
| APM promedio | 29.9 |
| APM pico | 94 |
| eAPM promedio | 7.8 |
| Aldeanos / militares | 67 / 61 |
Foco
⚔️ 39.1% · 🌾 60.9%
Fire Galley ×43 · Fishing Ship ×19 · Cannon Galleon ×11 · Hand Cannoneer ×4 · Demolition Raft ×2 · Transport Ship ×1
Feudal
—
Castillos
—
Imperial
—
| APM promedio | 8.1 |
| APM pico | 24 |
| eAPM promedio | 6.6 |
| Aldeanos / militares | 49 / 50 |
Foco
⚔️ 24.9% · 🌾 75.1%
Scorpion ×38 · Fishing Ship ×19 · Fire Galley ×5 · Transport Ship ×4 · Demolition Raft ×3 · Unknown (2626) ×1
Feudal
—
Castillos
—
Imperial
—
| APM promedio | 12.8 |
| APM pico | 51 |
| eAPM promedio | 7.0 |
| Aldeanos / militares | 78 / 59 |
Foco
⚔️ 30.9% · 🌾 69.1%
Galley ×28 · Fishing Ship ×21 · Samurai ×13 · Cannon Galleon ×8 · Militia ×6 · Trade Cog ×3
Feudal
—
Castillos
—
Imperial
—
| APM promedio | 18.3 |
| APM pico | 55 |
| eAPM promedio | 12.5 |
| Aldeanos / militares | 128 / 173 |
Foco
⚔️ 43.6% · 🌾 56.4%
Berserk ×67 · Longboat ×24 · Skirmisher ×19 · Militia ×17 · Galley ×14 · Cannon Galleon ×14
Feudal
—
Castillos
—
Imperial
—
| APM promedio | 8.1 |
| APM pico | 30 |
| eAPM promedio | 6.4 |
| Aldeanos / militares | 56 / 87 |
Foco
⚔️ 34.7% · 🌾 65.3%
Organ Gun ×21 · Caravel ×17 · Cavalry Archer ×14 · Fishing Ship ×8 · Hand Cannoneer ×8 · Scorpion ×7
Feudal
—
Castillos
—
Imperial
—
| APM promedio | 36.7 |
| APM pico | 272 |
| eAPM promedio | 34.7 |
| Aldeanos / militares | 80 / 59 |
Foco
⚔️ 5.5% · 🌾 94.5%
Fire Lancer ×50 · Fishing Ship ×15 · Fire Galley ×3 · Rattan Archer ×2 · Galley ×1 · Transport Ship ×1
Feudal
—
Castillos
—
Imperial
—
| APM promedio | 14.0 |
| APM pico | 76 |
| eAPM promedio | 7.7 |
| Aldeanos / militares | 45 / 20 |
Foco
⚔️ 33.1% · 🌾 66.9%
Unknown (2626) ×16 · Scorpion ×15 · Fishing Ship ×4 · Demolition Raft ×4 · Transport Ship ×1
Mapa de la partida
Recursos iniciales + cada clic de construcción. Líneas = muros · curvas = relieve. ◆ oro · ⬟ piedra · ● bayas · ✦ reliquia · ◌ hueco del cierre
Tu base· ✓ Separados por el mapa
Base de Dani el Master· ✓ Separados por el mapa
Base de civilalberto· ✓ Separados por el mapa
Base de AzTeca442866· ✓ Separados por el mapa
Base de YOLT | GeneralFreed· ✓ Separados por el mapa
Base de Inspector_Choi· ✓ Separados por el mapa
Base de FuneralRex· ✓ Separados por el mapa
Base de gjhabraham· ✓ Separados por el mapa
Terreno inicial suavizado · ◌ = hueco del cierre detectado · pasá el cursor para detalles
Inputs por minuto
— EvBC_jd8100 - - Dani el Master
Build order — EvBC_jd8100
116 acciones detectadas en el replay
| 0:08 | Crear | Villager (Male) |
| 0:08 | Crear | Villager (Male) |
| 0:09 | Crear | Villager (Male) |
| 0:09 | Crear | Villager (Male) |
| 0:13 | Construir | House |
| 0:33 | Construir | House |
| 1:49 | Crear | Villager (Male) |
| 2:15 | Crear | Villager (Male) |
| 2:38 | Crear | Villager (Male) |
| 2:50 | Construir | Lumber Camp |
| 3:17 | Investigar | Loom |
| 3:20 | Crear | Villager (Male) |
| 4:02 | Crear | Villager (Male) |
| 4:11 | Crear | Villager (Male) |
| 4:12 | Crear | Villager (Male) |
| 4:40 | Construir | House |
| 5:25 | Construir | Dock |
| 5:34 | Crear | Villager (Male) |
| 5:35 | Crear | Villager (Male) |
| 5:36 | Crear | Villager (Male) |
| 6:28 | Construir | Mining Camp |
| 6:43 | Crear | Fishing Ship |
| 7:03 | Crear | Villager (Male) |
| 7:08 | Crear | Villager (Male) |
| 7:14 | Construir | House |
| 7:50 | Crear | Villager (Male) |
| 7:50 | Crear | Villager (Male) |
| 8:35 | Crear | Fishing Ship |
| 8:37 | Crear | Fishing Ship |
| 8:38 | Crear | Fishing Ship |
| 9:08 | Crear | Villager (Male) |
| 9:31 | Construir | House |
| 9:35 | Investigar | Feudal Age |
| 11:14 | Crear | Transport Ship |
| 12:14 | Crear | Villager (Male) |
| 12:15 | Crear | Villager (Male) |
| 12:16 | Crear | Villager (Male) |
| 12:17 | Crear | Villager (Male) |
| 12:18 | Crear | Villager (Male) |
| 12:28 | Crear | Fishing Ship ×5 |
| 13:04 | Construir | House |
| 13:09 | Construir | House |
| 13:10 | Construir | House |
| 13:11 | Construir | House |
| 15:02 | Construir | Lumber Camp |
| 15:25 | Construir | Mill |
| 15:31 | Crear | Villager (Male) |
| 15:33 | Crear | Villager (Male) |
| 15:50 | Construir | Dock |
| 16:10 | Crear | Demolition Raft |
| 16:11 | Crear | Demolition Raft |
| 16:12 | Crear | Demolition Raft |
| 16:16 | Crear | Villager (Male) |
| 16:28 | Crear | Villager (Male) |
| 16:36 | Construir | House |
| 16:37 | Construir | House |
| 16:38 | Construir | House |
| 16:40 | Construir | House |
| 16:41 | Construir | House |
| 16:44 | Crear | Fishing Ship ×5 |
| 17:59 | Crear | Fishing Ship ×5 |
| 18:15 | Crear | Fishing Ship |
| 18:15 | Crear | Fishing Ship |
| 18:17 | Crear | Villager (Male) |
| 18:18 | Crear | Villager (Male) |
| 18:18 | Crear | Villager (Male) |
| 18:19 | Crear | Villager (Male) |
| 18:23 | Crear | Villager (Male) |
| 18:24 | Crear | Villager (Male) |
| 18:49 | Construir | House |
| 18:51 | Construir | House |
| 18:53 | Construir | House |
| 18:54 | Construir | House |
| 18:55 | Construir | House |
| 18:56 | Construir | House |
| 20:19 | Construir | Barracks |
| 20:26 | Construir | Blacksmith |
| 20:45 | Construir | Lumber Camp |
| 20:50 | Crear | Villager (Male) |
| 20:50 | Crear | Villager (Male) |
| 20:50 | Crear | Villager (Male) |
| 21:48 | Crear | Demolition Raft |
| 21:49 | Crear | Demolition Raft |
| 21:58 | Crear | Demolition Raft |
| 22:03 | Crear | Fishing Ship |
| 22:03 | Crear | Fishing Ship |
| 22:03 | Crear | Fishing Ship |
| 22:04 | Crear | Fishing Ship |
| 22:04 | Crear | Fishing Ship |
| 22:06 | Crear | Fishing Ship |
| 22:07 | Crear | Fishing Ship |
| 22:46 | Construir | Stable |
| 24:13 | Crear | Unit 2626 ×5 |
| 24:23 | Crear | Fire Galley ×4 |
| 26:21 | Construir | Mill |
| 26:56 | Investigar | Castle Age |
| 26:57 | Investigar | Wheelbarrow |
| 26:59 | Investigar | Town Watch |
| 28:26 | Crear | Militia ×5 |
| 30:04 | Construir | Town Center |
| 30:19 | Construir | Castle |
| 30:49 | Crear | Fire Galley ×5 |
| 31:01 | Crear | Fire Galley ×5 |
| 31:21 | Crear | Villager (Male) ×5 |
| 31:57 | Construir | Stable |
| 32:03 | Construir | Stable |
| 32:38 | Investigar | Imperial Age |
| 32:40 | Investigar | Hand Cart |
| 32:41 | Investigar | Town Patrol |
| 32:44 | Investigar | Double-Bit Axe |
| 32:48 | Investigar | Horse Collar |
| 33:41 | Construir | University |
| 33:47 | Crear | Knight ×5 |
| 33:54 | Crear | Knight ×3 |
| 34:30 | Construir | Market |
| 34:42 | Crear | Fishing Ship ×5 |
Build order — Dani el Master
Primeras 150 de 239 acciones detectadas
| 0:05 | Crear | Villager (Male) |
| 0:18 | Construir | House |
| 0:20 | Crear | Villager (Male) |
| 0:51 | Crear | Villager (Male) |
| 0:59 | Construir | House |
| 1:12 | Crear | Villager (Male) |
| 1:31 | Crear | Villager (Male) |
| 2:33 | Crear | Villager (Male) |
| 2:43 | Crear | Villager (Male) |
| 3:23 | Crear | Villager (Male) |
| 3:38 | Construir | House |
| 3:40 | Crear | Villager (Male) |
| 4:00 | Crear | Villager (Male) |
| 4:16 | Crear | Villager (Male) |
| 4:24 | Construir | Lumber Camp |
| 4:37 | Crear | Villager (Male) |
| 5:19 | Crear | Villager (Male) |
| 6:37 | Construir | Dock |
| 6:39 | Crear | Villager (Male) |
| 7:15 | Investigar | Feudal Age |
| 7:15 | Investigar | Feudal Age |
| 8:14 | Crear | Fishing Ship |
| 8:45 | Crear | Fishing Ship |
| 8:48 | Construir | House |
| 8:50 | Construir | House |
| 9:31 | Crear | Demolition Raft |
| 9:38 | Crear | Fishing Ship |
| 9:43 | Crear | Villager (Male) |
| 9:56 | Construir | Mining Camp |
| 10:02 | Crear | Villager (Male) |
| 10:06 | Crear | Fishing Ship |
| 10:25 | Crear | Villager (Male) |
| 10:30 | Crear | Demolition Raft |
| 10:41 | Crear | Fishing Ship |
| 11:00 | Construir | Lumber Camp |
| 11:13 | Construir | Dock |
| 11:20 | Crear | Fishing Ship |
| 11:42 | Crear | Villager (Male) |
| 11:50 | Crear | Villager (Male) |
| 12:10 | Crear | Fire Galley |
| 12:19 | Construir | Dock |
| 12:23 | Crear | Fishing Ship |
| 12:37 | Crear | Villager (Male) |
| 12:42 | Construir | House |
| 12:43 | Construir | House |
| 12:44 | Construir | House |
| 12:49 | Crear | Fishing Ship |
| 12:53 | Crear | Fishing Ship |
| 13:15 | Crear | Fishing Ship |
| 13:33 | Crear | Fishing Ship |
| 13:39 | Crear | Fishing Ship |
| 13:45 | Crear | Villager (Male) |
| 13:47 | Crear | Villager (Male) |
| 14:09 | Crear | Villager (Male) |
| 14:49 | Crear | Fishing Ship |
| 14:51 | Crear | Fishing Ship |
| 14:54 | Crear | Fishing Ship |
| 15:08 | Construir | House |
| 15:09 | Construir | House |
| 15:11 | Crear | Villager (Male) |
| 15:11 | Crear | Villager (Male) |
| 15:21 | Investigar | Double-Bit Axe |
| 15:30 | Crear | Fire Galley |
| 15:32 | Crear | Fire Galley |
| 15:35 | Crear | Fire Galley |
| 16:06 | Construir | House |
| 16:08 | Construir | House |
| 16:12 | Crear | Fire Galley |
| 16:15 | Crear | Fire Galley |
| 16:19 | Crear | Fire Galley |
| 16:25 | Crear | Villager (Male) |
| 16:25 | Crear | Villager (Male) |
| 16:47 | Crear | Villager (Male) |
| 16:49 | Crear | Fire Galley |
| 16:51 | Crear | Fire Galley |
| 16:54 | Crear | Fire Galley |
| 17:11 | Construir | Blacksmith |
| 17:37 | Crear | Villager (Male) |
| 17:41 | Crear | Fire Galley |
| 17:43 | Crear | Fire Galley |
| 17:47 | Crear | Fire Galley |
| 17:54 | Construir | House |
| 17:55 | Construir | House |
| 18:01 | Crear | Villager (Male) |
| 18:17 | Construir | Barracks |
| 18:19 | Crear | Villager (Male) |
| 18:36 | Investigar | Fletching |
| 18:53 | Crear | Fire Galley |
| 18:55 | Crear | Fire Galley |
| 19:25 | Construir | Archery Range |
| 19:41 | Construir | House |
| 19:43 | Construir | House |
| 20:55 | Investigar | Castle Age |
| 21:01 | Construir | House |
| 21:02 | Construir | House |
| 21:03 | Construir | House |
| 21:59 | Crear | Fire Galley |
| 21:59 | Crear | Fire Galley |
| 22:00 | Crear | Fire Galley |
| 22:07 | Construir | Dock |
| 23:09 | Crear | Fire Galley |
| 23:09 | Crear | Fire Galley |
| 23:15 | Construir | House |
| 23:15 | Construir | House |
| 23:15 | Construir | House |
| 23:21 | Construir | Dock |
| 24:09 | Investigar | War Galley (upgrade) |
| 24:33 | Crear | Villager (Male) |
| 24:34 | Crear | Villager (Male) |
| 24:34 | Crear | Villager (Male) |
| 24:50 | Construir | Town Center |
| 25:02 | Construir | Town Center |
| 27:22 | Crear | Villager (Male) |
| 27:22 | Crear | Villager (Male) |
| 27:24 | Crear | Villager (Male) |
| 27:24 | Crear | Villager (Male) |
| 27:25 | Crear | Villager (Male) |
| 27:25 | Crear | Villager (Male) |
| 27:37 | Construir | Dock |
| 27:41 | Investigar | Bodkin Arrow |
| 27:41 | Investigar | Bodkin Arrow |
| 27:49 | Crear | Fishing Ship |
| 27:51 | Crear | Fishing Ship |
| 27:55 | Crear | Fishing Ship |
| 27:57 | Crear | Fishing Ship |
| 28:45 | Crear | Transport Ship |
| 28:48 | Crear | Villager (Male) |
| 28:48 | Crear | Villager (Male) |
| 28:48 | Crear | Villager (Male) |
| 28:55 | Crear | Villager (Male) |
| 28:56 | Crear | Villager (Male) |
| 30:27 | Construir | Town Center |
| 31:22 | Crear | Villager (Male) |
| 31:22 | Crear | Villager (Male) |
| 31:30 | Construir | Mining Camp |
| 31:35 | Crear | Villager (Male) |
| 31:35 | Crear | Villager (Male) |
| 31:35 | Crear | Villager (Male) |
| 34:21 | Crear | Villager (Male) |
| 34:22 | Crear | Villager (Male) |
| 34:23 | Crear | Villager (Male) |
| 34:27 | Crear | Villager (Male) |
| 34:27 | Crear | Villager (Male) |
| 34:33 | Construir | Outpost |
| 34:39 | Construir | Outpost |
| 34:48 | Construir | Outpost |
| 34:51 | Crear | Villager (Male) |
| 34:51 | Crear | Villager (Male) |
| 35:54 | Construir | Outpost |
| 37:02 | Construir | Outpost |
Build order — civilalberto
Primeras 150 de 168 acciones detectadas
| 0:08 | Construir | House |
| 0:10 | Construir | House |
| 0:18 | Crear | Villager (Male) |
| 0:18 | Investigar | Loom |
| 0:19 | Crear | Villager (Male) |
| 0:19 | Crear | Villager (Male) |
| 0:19 | Crear | Villager (Male) |
| 0:20 | Crear | Villager (Male) |
| 1:04 | Construir | House |
| 1:11 | Construir | Lumber Camp |
| 2:21 | Crear | Villager (Male) |
| 2:21 | Crear | Villager (Male) |
| 2:22 | Crear | Villager (Male) |
| 2:47 | Crear | Villager (Male) |
| 3:36 | Crear | Villager (Male) |
| 3:36 | Crear | Villager (Male) |
| 3:37 | Crear | Villager (Male) |
| 4:07 | Crear | Villager (Male) |
| 4:30 | Crear | Villager (Male) |
| 4:54 | Crear | Villager (Male) |
| 4:54 | Crear | Villager (Male) |
| 4:55 | Crear | Villager (Male) |
| 5:07 | Crear | Villager (Male) |
| 5:34 | Crear | Villager (Male) |
| 5:34 | Crear | Villager (Male) |
| 6:51 | Crear | Villager (Male) ×5 |
| 6:58 | Construir | House |
| 6:59 | Construir | House |
| 7:13 | Crear | Villager (Male) |
| 7:14 | Crear | Villager (Male) |
| 7:14 | Crear | Villager (Male) |
| 7:14 | Crear | Villager (Male) |
| 7:40 | Crear | Villager (Male) ×2 |
| 7:47 | Construir | Lumber Camp |
| 7:58 | Construir | Mill |
| 8:09 | Crear | Villager (Male) |
| 8:35 | Construir | Lumber Camp |
| 9:05 | Construir | Dock |
| 9:13 | Construir | Dock |
| 9:26 | Construir | House |
| 9:52 | Crear | Fishing Ship |
| 9:53 | Crear | Fishing Ship |
| 9:53 | Crear | Fishing Ship |
| 10:43 | Crear | Fishing Ship |
| 10:43 | Crear | Fishing Ship |
| 10:46 | Crear | Fishing Ship |
| 10:46 | Crear | Fishing Ship |
| 11:11 | Crear | Villager (Male) |
| 11:12 | Crear | Villager (Male) |
| 11:31 | Crear | Fishing Ship |
| 11:31 | Crear | Fishing Ship |
| 11:32 | Crear | Fishing Ship |
| 11:37 | Construir | House |
| 11:40 | Construir | House |
| 11:45 | Construir | Mining Camp |
| 11:54 | Construir | House |
| 11:57 | Construir | House |
| 13:01 | Construir | Dock |
| 13:42 | Crear | Fishing Ship |
| 13:42 | Crear | Fishing Ship |
| 13:46 | Crear | Fishing Ship |
| 13:49 | Crear | Fishing Ship |
| 13:49 | Crear | Fishing Ship |
| 13:50 | Crear | Fishing Ship |
| 14:14 | Investigar | Feudal Age |
| 14:26 | Crear | Fishing Ship |
| 14:26 | Crear | Fishing Ship |
| 14:27 | Crear | Fishing Ship |
| 15:22 | Construir | Barracks |
| 15:42 | Construir | Mining Camp |
| 15:49 | Construir | Lumber Camp |
| 16:31 | Construir | Market |
| 16:38 | Construir | Blacksmith |
| 16:46 | Investigar | Double-Bit Axe |
| 17:03 | Investigar | Horse Collar |
| 17:06 | Investigar | Castle Age |
| 17:09 | Investigar | Stone Mining |
| 17:59 | Crear | Transport Ship |
| 18:33 | Crear | Fire Galley |
| 18:34 | Crear | Fire Galley |
| 19:11 | Crear | Fire Galley |
| 20:10 | Crear | Fire Galley |
| 20:10 | Crear | Fire Galley |
| 20:58 | Construir | Castle |
| 21:33 | Crear | Demolition Raft |
| 21:36 | Crear | Unit 2626 |
| 21:55 | Crear | Villager (Male) |
| 21:55 | Crear | Villager (Male) |
| 21:56 | Crear | Villager (Male) |
| 21:56 | Crear | Villager (Male) |
| 21:56 | Crear | Villager (Male) |
| 21:56 | Crear | Villager (Male) |
| 23:07 | Investigar | Bow Saw |
| 23:39 | Construir | Lumber Camp |
| 23:45 | Construir | Lumber Camp |
| 24:29 | Construir | Town Center |
| 24:37 | Construir | University |
| 24:48 | Construir | Mining Camp |
| 25:27 | Crear | Villager (Male) |
| 25:28 | Investigar | Wheelbarrow |
| 25:31 | Crear | Villager (Male) |
| 25:31 | Crear | Villager (Male) |
| 26:03 | Construir | Siege Workshop |
| 26:08 | Construir | Siege Workshop |
| 26:14 | Construir | Mining Camp |
| 27:28 | Crear | Villager (Male) ×5 |
| 27:29 | Crear | Villager (Male) |
| 28:08 | Crear | Scorpion |
| 28:09 | Crear | Scorpion |
| 28:09 | Crear | Scorpion |
| 28:09 | Crear | Scorpion |
| 28:42 | Crear | Scorpion |
| 28:42 | Crear | Scorpion |
| 28:42 | Crear | Scorpion |
| 28:47 | Crear | Scorpion |
| 29:11 | Investigar | Gold Mining |
| 30:24 | Crear | Scorpion |
| 30:24 | Crear | Scorpion |
| 30:24 | Crear | Scorpion |
| 30:26 | Crear | Scorpion |
| 30:26 | Crear | Scorpion |
| 30:27 | Crear | Scorpion |
| 31:05 | Crear | Scorpion |
| 31:05 | Crear | Scorpion |
| 31:32 | Crear | Scorpion |
| 31:32 | Crear | Scorpion |
| 31:33 | Crear | Scorpion |
| 31:44 | Crear | Scorpion |
| 31:45 | Crear | Scorpion |
| 31:45 | Crear | Scorpion |
| 31:45 | Crear | Scorpion |
| 31:52 | Construir | Lumber Camp |
| 32:47 | Construir | Dock |
| 32:55 | Investigar | Treadmill Crane |
| 33:07 | Crear | Transport Ship |
| 33:27 | Crear | Transport Ship |
| 33:38 | Crear | Scorpion |
| 33:38 | Crear | Scorpion |
| 33:38 | Crear | Scorpion |
| 33:38 | Crear | Scorpion |
| 33:39 | Crear | Scorpion |
| 33:45 | Crear | Transport Ship |
| 34:48 | Construir | Town Center |
| 36:49 | Construir | Town Center |
| 37:01 | Crear | Scorpion |
| 37:01 | Crear | Scorpion |
| 37:01 | Crear | Scorpion |
| 37:02 | Crear | Scorpion |
| 37:03 | Crear | Scorpion |
| 37:03 | Crear | Scorpion |
Build order — AzTeca442866
Primeras 150 de 240 acciones detectadas
| 0:07 | Construir | House |
| 0:21 | Crear | Villager (Male) |
| 0:21 | Crear | Villager (Male) |
| 0:21 | Crear | Villager (Male) |
| 0:21 | Crear | Villager (Male) |
| 1:33 | Construir | House |
| 1:42 | Crear | Villager (Male) |
| 1:43 | Crear | Villager (Male) |
| 2:36 | Construir | Dock |
| 2:55 | Crear | Villager (Male) |
| 3:38 | Crear | Villager (Male) |
| 3:38 | Crear | Villager (Male) |
| 3:38 | Crear | Villager (Male) |
| 4:09 | Crear | Villager (Male) |
| 5:00 | Construir | House |
| 5:05 | Crear | Villager (Male) |
| 5:06 | Crear | Villager (Male) |
| 5:35 | Construir | House |
| 5:50 | Crear | Villager (Male) |
| 6:13 | Crear | Villager (Male) |
| 6:49 | Crear | Fishing Ship |
| 7:00 | Crear | Villager (Male) |
| 7:01 | Crear | Villager (Male) |
| 7:53 | Crear | Villager (Male) |
| 7:53 | Crear | Villager (Male) |
| 8:20 | Construir | Lumber Camp |
| 8:41 | Crear | Villager (Male) |
| 8:54 | Investigar | Feudal Age |
| 9:19 | Crear | Fishing Ship |
| 9:20 | Crear | Fishing Ship |
| 9:59 | Construir | House |
| 10:15 | Crear | Fishing Ship |
| 10:31 | Construir | House |
| 10:43 | Construir | Mill |
| 10:50 | Crear | Fishing Ship |
| 11:00 | Construir | House |
| 11:21 | Investigar | Double-Bit Axe |
| 11:35 | Crear | Transport Ship |
| 11:51 | Construir | Blacksmith |
| 11:57 | Crear | Villager (Male) |
| 11:57 | Crear | Villager (Male) |
| 11:57 | Crear | Villager (Male) |
| 11:57 | Crear | Villager (Male) |
| 11:58 | Crear | Villager (Male) |
| 11:58 | Crear | Villager (Male) |
| 12:46 | Crear | Villager (Male) |
| 12:47 | Crear | Villager (Male) |
| 13:03 | Crear | Fishing Ship |
| 13:03 | Crear | Fishing Ship |
| 13:04 | Crear | Fishing Ship |
| 14:05 | Construir | Dock |
| 14:20 | Crear | Villager (Male) |
| 14:21 | Crear | Villager (Male) |
| 14:40 | Investigar | Tech 906 |
| 15:00 | Crear | Fishing Ship |
| 15:00 | Crear | Fishing Ship |
| 15:01 | Crear | Fishing Ship |
| 15:01 | Crear | Fishing Ship |
| 15:14 | Construir | Watch Tower |
| 15:35 | Crear | Villager (Male) |
| 15:35 | Crear | Villager (Male) |
| 15:42 | Construir | House |
| 16:02 | Construir | House |
| 16:13 | Construir | Market |
| 16:28 | Construir | Mining Camp |
| 16:48 | Construir | Mining Camp |
| 16:52 | Investigar | Fletching |
| 16:56 | Crear | Villager (Male) |
| 16:57 | Crear | Villager (Male) |
| 17:10 | Construir | House |
| 17:15 | Construir | House |
| 17:30 | Crear | Galley |
| 17:31 | Crear | Galley |
| 17:58 | Crear | Villager (Male) |
| 17:58 | Crear | Villager (Male) |
| 17:58 | Crear | Villager (Male) |
| 18:07 | Construir | Mining Camp |
| 18:25 | Construir | Barracks |
| 19:06 | Crear | Villager (Male) |
| 19:07 | Crear | Villager (Male) |
| 19:07 | Crear | Villager (Male) |
| 19:15 | Crear | Fishing Ship |
| 19:15 | Crear | Fishing Ship |
| 19:15 | Crear | Fishing Ship |
| 19:16 | Crear | Fishing Ship |
| 19:32 | Investigar | Castle Age |
| 20:05 | Construir | House |
| 21:00 | Crear | Galley |
| 21:01 | Crear | Galley |
| 21:01 | Crear | Galley |
| 21:02 | Crear | Galley |
| 21:28 | Construir | House |
| 21:49 | Construir | House |
| 22:00 | Construir | House |
| 22:22 | Crear | Fishing Ship |
| 22:22 | Crear | Fishing Ship |
| 22:22 | Crear | Fishing Ship |
| 22:23 | Crear | Fishing Ship |
| 22:23 | Crear | Fishing Ship |
| 22:46 | Investigar | War Galley (upgrade) |
| 22:51 | Crear | Villager (Male) |
| 22:52 | Crear | Villager (Male) |
| 22:52 | Crear | Villager (Male) |
| 22:52 | Crear | Villager (Male) |
| 23:00 | Investigar | Bodkin Arrow |
| 23:17 | Construir | Town Center |
| 23:24 | Construir | House |
| 23:31 | Crear | Villager (Male) |
| 23:31 | Crear | Villager (Male) |
| 23:32 | Crear | Villager (Male) |
| 25:18 | Crear | Villager (Male) |
| 25:18 | Crear | Villager (Male) |
| 25:18 | Crear | Villager (Male) |
| 25:44 | Crear | Militia |
| 25:44 | Crear | Militia |
| 25:45 | Crear | Militia |
| 25:45 | Crear | Militia |
| 25:46 | Crear | Militia |
| 25:46 | Crear | Militia |
| 26:51 | Crear | Galley |
| 26:52 | Crear | Galley |
| 26:52 | Crear | Galley |
| 26:52 | Crear | Galley |
| 26:52 | Crear | Galley |
| 26:53 | Crear | Galley |
| 26:53 | Crear | Galley |
| 26:58 | Crear | Villager (Male) |
| 26:58 | Crear | Villager (Male) |
| 26:59 | Crear | Villager (Male) |
| 26:59 | Crear | Villager (Male) |
| 26:59 | Crear | Villager (Male) |
| 27:22 | Crear | Trade Cog |
| 27:23 | Crear | Trade Cog |
| 27:23 | Crear | Trade Cog |
| 27:35 | Construir | House |
| 27:59 | Investigar | Gillnets |
| 28:26 | Construir | Mining Camp |
| 28:34 | Construir | House |
| 28:38 | Crear | Villager (Male) |
| 28:38 | Crear | Villager (Male) |
| 28:38 | Crear | Villager (Male) |
| 28:46 | Construir | Lumber Camp |
| 28:53 | Crear | Villager (Male) |
| 28:53 | Crear | Villager (Male) |
| 28:54 | Crear | Villager (Male) |
| 28:54 | Crear | Villager (Male) |
| 28:54 | Crear | Villager (Male) |
| 29:05 | Construir | Castle |
| 29:10 | Crear | Villager (Male) |
| 29:10 | Crear | Villager (Male) |
Build order — YOLT | GeneralFreed
Primeras 150 de 473 acciones detectadas
| 0:02 | Crear | Villager (Male) |
| 0:02 | Crear | Villager (Male) |
| 0:02 | Crear | Villager (Male) |
| 0:02 | Crear | Villager (Male) |
| 0:02 | Crear | Villager (Male) |
| 0:03 | Investigar | Loom |
| 0:03 | Investigar | Loom |
| 0:07 | Construir | House |
| 0:09 | Construir | House |
| 0:12 | Construir | House |
| 1:37 | Crear | Villager (Male) |
| 2:20 | Crear | Villager (Male) |
| 2:40 | Construir | Lumber Camp |
| 2:50 | Crear | Villager (Male) |
| 2:50 | Crear | Villager (Male) |
| 3:06 | Crear | Villager (Male) |
| 3:33 | Crear | Villager (Male) |
| 4:07 | Crear | Villager (Male) |
| 4:07 | Crear | Villager (Male) |
| 4:10 | Crear | Villager (Male) |
| 4:27 | Crear | Villager (Male) |
| 4:41 | Construir | Dock |
| 4:50 | Crear | Villager (Male) |
| 5:27 | Crear | Villager (Male) |
| 5:27 | Crear | Villager (Male) |
| 5:42 | Construir | House |
| 5:45 | Construir | House |
| 5:47 | Construir | House |
| 5:58 | Crear | Fishing Ship |
| 5:58 | Crear | Fishing Ship |
| 6:33 | Crear | Villager (Male) |
| 6:46 | Construir | Mill |
| 6:50 | Crear | Villager (Male) |
| 7:14 | Crear | Villager (Male) |
| 7:19 | Crear | Fishing Ship |
| 7:47 | Crear | Fishing Ship |
| 7:52 | Crear | Villager (Male) |
| 8:21 | Crear | Fishing Ship |
| 8:27 | Crear | Villager (Male) |
| 8:46 | Crear | Villager (Male) |
| 8:49 | Crear | Fishing Ship |
| 9:26 | Investigar | Feudal Age |
| 9:26 | Investigar | Feudal Age |
| 9:26 | Investigar | Feudal Age |
| 9:33 | Construir | Barracks |
| 9:56 | Crear | Fishing Ship |
| 10:24 | Crear | Transport Ship |
| 10:50 | Crear | Villager (Male) |
| 10:51 | Crear | Villager (Male) |
| 10:51 | Crear | Villager (Male) |
| 10:51 | Crear | Villager (Male) |
| 10:51 | Crear | Villager (Male) |
| 10:52 | Crear | Villager (Male) |
| 11:10 | Construir | Mining Camp |
| 11:40 | Investigar | Horse Collar |
| 11:42 | Investigar | Double-Bit Axe |
| 11:42 | Investigar | Double-Bit Axe |
| 11:58 | Crear | Galley |
| 11:58 | Crear | Galley |
| 11:58 | Crear | Galley |
| 12:28 | Construir | House |
| 12:32 | Construir | House |
| 12:40 | Construir | House |
| 12:42 | Construir | House |
| 12:57 | Investigar | Gold Mining |
| 13:25 | Crear | Galley |
| 13:26 | Crear | Galley |
| 13:52 | Crear | Villager (Male) |
| 13:52 | Crear | Villager (Male) |
| 13:52 | Crear | Villager (Male) |
| 14:06 | Construir | Mining Camp |
| 14:18 | Construir | Market |
| 14:43 | Construir | Blacksmith |
| 14:48 | Crear | Villager (Male) |
| 14:48 | Crear | Villager (Male) |
| 15:02 | Construir | Mill |
| 15:28 | Crear | Galley |
| 15:28 | Crear | Galley |
| 15:28 | Crear | Galley |
| 15:29 | Crear | Galley |
| 15:29 | Crear | Galley |
| 16:03 | Crear | Villager (Male) |
| 16:12 | Construir | Farm |
| 16:17 | Construir | Farm |
| 16:45 | Investigar | Castle Age |
| 16:45 | Investigar | Castle Age |
| 16:52 | Construir | Farm |
| 16:53 | Construir | Farm |
| 16:54 | Construir | Farm |
| 16:55 | Construir | Farm |
| 17:44 | Investigar | Fletching |
| 17:55 | Crear | Galley |
| 18:18 | Construir | Dock |
| 18:26 | Construir | Dock |
| 18:49 | Crear | Galley |
| 18:49 | Crear | Galley |
| 18:49 | Crear | Galley |
| 19:29 | Crear | Villager (Male) |
| 19:29 | Crear | Villager (Male) |
| 19:29 | Crear | Villager (Male) |
| 19:30 | Crear | Villager (Male) |
| 21:12 | Investigar | War Galley (upgrade) |
| 21:16 | Crear | Longboat |
| 21:16 | Crear | Longboat |
| 21:16 | Crear | Longboat |
| 21:16 | Crear | Longboat |
| 21:17 | Crear | Longboat |
| 21:17 | Crear | Longboat |
| 21:17 | Crear | Longboat |
| 21:17 | Crear | Longboat |
| 21:17 | Crear | Longboat |
| 21:18 | Crear | Longboat |
| 21:18 | Crear | Longboat |
| 21:18 | Crear | Longboat |
| 21:47 | Construir | Town Center |
| 22:03 | Construir | House |
| 22:04 | Construir | House |
| 22:05 | Construir | House |
| 22:06 | Construir | House |
| 22:07 | Construir | House |
| 22:38 | Investigar | Bodkin Arrow |
| 22:41 | Investigar | Scale Mail Armor |
| 22:42 | Investigar | Forging |
| 22:47 | Investigar | Gambesons |
| 22:47 | Investigar | Squires |
| 22:48 | Investigar | Arson |
| 22:51 | Investigar | Man-at-Arms (upgrade) |
| 23:59 | Crear | Villager (Male) |
| 23:59 | Crear | Villager (Male) |
| 24:00 | Crear | Villager (Male) |
| 24:00 | Crear | Villager (Male) |
| 24:00 | Crear | Villager (Male) |
| 24:00 | Crear | Villager (Male) |
| 24:00 | Crear | Villager (Male) |
| 24:01 | Crear | Villager (Male) |
| 24:01 | Crear | Villager (Male) |
| 24:01 | Crear | Villager (Male) |
| 24:01 | Crear | Villager (Male) |
| 24:08 | Construir | Barracks |
| 24:08 | Construir | Barracks |
| 24:10 | Construir | Barracks |
| 24:45 | Crear | Villager (Male) |
| 24:45 | Crear | Villager (Male) |
| 24:45 | Crear | Villager (Male) |
| 24:45 | Crear | Villager (Male) |
| 24:46 | Crear | Villager (Male) |
| 24:46 | Crear | Villager (Male) |
| 25:25 | Crear | Villager (Male) |
| 25:25 | Crear | Villager (Male) |
| 25:25 | Crear | Villager (Male) |
Build order — Inspector_Choi
Primeras 150 de 234 acciones detectadas
| 0:09 | Construir | House |
| 0:16 | Construir | House |
| 0:19 | Crear | Villager (Male) |
| 0:20 | Crear | Villager (Male) |
| 1:02 | Crear | Villager (Male) |
| 1:17 | Crear | Villager (Male) |
| 1:49 | Crear | Villager (Male) |
| 2:53 | Crear | Villager (Male) |
| 2:54 | Crear | Villager (Male) |
| 3:48 | Crear | Villager (Male) |
| 3:56 | Construir | Dock |
| 4:11 | Crear | Villager (Male) |
| 4:37 | Crear | Villager (Male) |
| 4:49 | Construir | House |
| 5:04 | Crear | Villager (Male) |
| 5:15 | Crear | Villager (Male) |
| 5:18 | Crear | Villager (Male) |
| 6:05 | Crear | Fishing Ship |
| 6:27 | Crear | Villager (Male) |
| 6:34 | Crear | Villager (Male) |
| 6:47 | Crear | Fishing Ship |
| 7:02 | Construir | House |
| 7:31 | Crear | Villager (Male) |
| 7:51 | Construir | Lumber Camp |
| 7:55 | Crear | Villager (Male) |
| 8:22 | Crear | Fishing Ship |
| 8:47 | Crear | Villager (Male) |
| 9:08 | Crear | Villager (Male) |
| 9:13 | Investigar | Feudal Age |
| 9:22 | Construir | Mill |
| 9:27 | Crear | Villager (Male) |
| 9:34 | Crear | Fishing Ship |
| 9:50 | Construir | House |
| 10:02 | Construir | House |
| 10:18 | Crear | Villager (Male) |
| 11:07 | Construir | Mining Camp |
| 11:23 | Crear | Villager (Male) |
| 11:31 | Crear | Fire Galley |
| 11:33 | Crear | Fire Galley |
| 12:05 | Crear | Villager (Male) |
| 12:05 | Crear | Villager (Male) |
| 12:30 | Crear | Fire Galley |
| 12:37 | Investigar | Wheelbarrow |
| 12:47 | Investigar | Double-Bit Axe |
| 12:52 | Investigar | Horse Collar |
| 13:11 | Construir | House |
| 13:43 | Crear | Villager (Male) |
| 13:52 | Crear | Villager (Male) |
| 14:18 | Crear | Unit 2626 |
| 14:57 | Crear | Transport Ship |
| 14:58 | Crear | Galley |
| 15:10 | Crear | Villager (Male) |
| 15:21 | Construir | Farm |
| 15:24 | Construir | Farm |
| 15:37 | Construir | Farm |
| 15:48 | Construir | Farm |
| 16:38 | Construir | Blacksmith |
| 17:02 | Crear | Fishing Ship |
| 17:02 | Crear | Fishing Ship |
| 17:09 | Construir | House |
| 19:29 | Construir | Barracks |
| 19:40 | Crear | Unit 2626 |
| 19:45 | Investigar | Gold Mining |
| 20:12 | Construir | Stable |
| 20:20 | Construir | Archery Range |
| 20:38 | Construir | Market |
| 20:49 | Investigar | Castle Age |
| 21:18 | Crear | Archer |
| 21:18 | Crear | Archer |
| 21:19 | Crear | Archer |
| 21:19 | Crear | Archer |
| 21:25 | Construir | Archery Range |
| 21:44 | Investigar | Scale Barding Armor |
| 21:50 | Investigar | Fletching |
| 22:08 | Crear | Unit 2626 |
| 22:08 | Crear | Unit 2626 |
| 22:09 | Crear | Fire Galley |
| 22:18 | Construir | Watch Tower |
| 22:28 | Construir | House |
| 22:57 | Construir | Farm |
| 23:01 | Construir | Farm |
| 23:05 | Construir | Farm |
| 23:09 | Crear | Villager (Male) |
| 23:09 | Crear | Villager (Male) |
| 23:28 | Construir | Archery Range |
| 23:34 | Crear | Cavalry Archer |
| 23:34 | Crear | Cavalry Archer |
| 23:34 | Crear | Cavalry Archer |
| 23:42 | Crear | Cavalry Archer |
| 23:42 | Crear | Cavalry Archer |
| 23:49 | Investigar | Man-at-Arms (upgrade) |
| 24:08 | Construir | House |
| 24:10 | Construir | House |
| 24:21 | Construir | Mining Camp |
| 24:36 | Construir | Siege Workshop |
| 24:49 | Construir | Mining Camp |
| 24:53 | Crear | Villager (Male) |
| 24:54 | Crear | Villager (Male) |
| 25:33 | Construir | Castle |
| 25:40 | Crear | Scorpion |
| 25:41 | Crear | Scorpion |
| 25:45 | Crear | Cavalry Archer |
| 25:56 | Construir | House |
| 26:00 | Construir | House |
| 26:09 | Investigar | Hand Cart |
| 26:10 | Crear | Villager (Male) |
| 26:11 | Crear | Villager (Male) |
| 26:27 | Crear | Caravel |
| 26:27 | Crear | Caravel |
| 27:06 | Crear | Cavalry Archer |
| 27:27 | Crear | Villager (Male) |
| 27:28 | Crear | Villager (Male) |
| 27:42 | Crear | Organ Gun |
| 27:42 | Crear | Organ Gun |
| 28:16 | Construir | Farm |
| 28:30 | Construir | Mining Camp |
| 28:37 | Crear | Villager (Male) |
| 28:38 | Crear | Villager (Male) |
| 28:57 | Crear | Trade Cog |
| 28:58 | Crear | Trade Cog |
| 28:58 | Crear | Trade Cog |
| 29:18 | Crear | Villager (Male) |
| 29:18 | Crear | Villager (Male) |
| 29:33 | Crear | Organ Gun |
| 29:34 | Crear | Organ Gun |
| 29:57 | Crear | Cavalry Archer |
| 29:58 | Crear | Cavalry Archer |
| 30:36 | Crear | Knight |
| 30:36 | Crear | Knight |
| 30:42 | Investigar | Pikeman (upgrade) |
| 30:43 | Crear | Spearman |
| 30:44 | Crear | Spearman |
| 30:47 | Crear | Spearman |
| 30:59 | Construir | Watch Tower |
| 31:04 | Crear | Organ Gun |
| 31:35 | Crear | Caravel |
| 31:35 | Crear | Caravel |
| 31:36 | Crear | Caravel |
| 31:36 | Crear | Caravel |
| 31:51 | Crear | Villager (Male) |
| 31:51 | Crear | Villager (Male) |
| 32:06 | Crear | Organ Gun |
| 32:06 | Crear | Organ Gun |
| 32:11 | Crear | Cavalry Archer |
| 32:28 | Crear | Villager (Male) |
| 32:28 | Crear | Villager (Male) |
| 32:29 | Crear | Villager (Male) |
| 32:41 | Construir | Lumber Camp |
| 33:07 | Crear | Caravel |
| 33:08 | Crear | Caravel |
Build order — FuneralRex
Primeras 150 de 403 acciones detectadas
| 0:47 | Crear | Villager (Male) |
| 0:47 | Crear | Villager (Male) |
| 0:47 | Crear | Villager (Male) |
| 0:47 | Crear | Villager (Male) |
| 0:57 | Construir | House |
| 0:58 | Construir | House |
| 1:00 | Construir | House |
| 2:24 | Crear | Villager (Male) |
| 3:32 | Crear | Villager (Male) |
| 4:02 | Crear | Villager (Male) |
| 4:04 | Crear | Villager (Male) |
| 4:16 | Construir | Dock |
| 4:30 | Crear | Villager (Male) |
| 5:56 | Crear | Villager (Male) |
| 5:56 | Crear | Villager (Male) |
| 5:57 | Crear | Villager (Male) |
| 5:59 | Crear | Villager (Male) |
| 6:05 | Crear | Fishing Ship |
| 6:10 | Crear | Fishing Ship |
| 6:33 | Construir | Mining Camp |
| 7:08 | Crear | Villager (Male) |
| 7:09 | Crear | Villager (Male) |
| 7:10 | Crear | Villager (Male) |
| 7:31 | Construir | Lumber Camp |
| 8:25 | Construir | House |
| 8:26 | Construir | House |
| 8:27 | Construir | House |
| 8:55 | Crear | Fishing Ship |
| 9:08 | Crear | Villager (Male) |
| 10:01 | Construir | Barracks |
| 10:53 | Crear | Fishing Ship |
| 10:56 | Crear | Fishing Ship |
| 11:19 | Investigar | Feudal Age |
| 12:07 | Construir | Mining Camp |
| 12:43 | Crear | Villager (Male) |
| 12:44 | Crear | Villager (Male) |
| 12:44 | Crear | Villager (Male) |
| 12:44 | Crear | Villager (Male) |
| 12:45 | Crear | Villager (Male) |
| 12:45 | Crear | Villager (Male) |
| 12:45 | Crear | Villager (Male) |
| 13:02 | Crear | Fishing Ship |
| 13:03 | Crear | Fishing Ship |
| 13:04 | Crear | Fishing Ship |
| 13:06 | Crear | Fishing Ship |
| 14:49 | Construir | Mill |
| 15:10 | Construir | House |
| 15:11 | Construir | House |
| 15:13 | Construir | House |
| 15:16 | Construir | House |
| 15:46 | Crear | Galley |
| 15:50 | Crear | Fire Galley |
| 16:42 | Construir | Blacksmith |
| 16:50 | Construir | Market |
| 17:00 | Crear | Villager (Male) |
| 17:00 | Crear | Villager (Male) |
| 17:01 | Crear | Villager (Male) |
| 17:01 | Crear | Villager (Male) |
| 17:01 | Crear | Villager (Male) |
| 17:01 | Crear | Villager (Male) |
| 17:02 | Crear | Villager (Male) |
| 17:23 | Crear | Fishing Ship |
| 17:23 | Crear | Fishing Ship |
| 18:16 | Construir | House |
| 18:47 | Construir | House |
| 19:21 | Crear | Fire Galley |
| 20:01 | Investigar | Castle Age |
| 20:36 | Investigar | Fletching |
| 20:39 | Investigar | Padded Archer Armor |
| 20:50 | Construir | Archery Range |
| 21:15 | Construir | House |
| 21:57 | Crear | Fire Galley |
| 22:08 | Investigar | Scale Barding Armor |
| 22:10 | Investigar | Scale Mail Armor |
| 22:11 | Investigar | Forging |
| 23:06 | Crear | Transport Ship |
| 23:42 | Construir | Monastery |
| 23:56 | Construir | Lumber Camp |
| 24:18 | Construir | Monastery |
| 24:37 | Construir | Siege Workshop |
| 25:10 | Construir | Mining Camp |
| 25:48 | Investigar | Squires |
| 25:53 | Investigar | Arson |
| 26:14 | Crear | Villager (Male) |
| 26:14 | Crear | Villager (Male) |
| 26:14 | Crear | Villager (Male) |
| 27:14 | Construir | Town Center |
| 28:34 | Crear | Villager (Male) |
| 28:35 | Crear | Villager (Male) |
| 28:35 | Crear | Villager (Male) |
| 28:35 | Crear | Villager (Male) |
| 28:36 | Crear | Villager (Male) |
| 28:36 | Crear | Villager (Male) |
| 28:36 | Crear | Villager (Male) |
| 28:36 | Crear | Villager (Male) |
| 28:37 | Crear | Villager (Male) |
| 28:37 | Crear | Villager (Male) |
| 28:46 | Crear | Fishing Ship |
| 28:47 | Crear | Fishing Ship |
| 28:47 | Crear | Fishing Ship |
| 28:47 | Crear | Fishing Ship |
| 29:08 | Construir | Castle |
| 30:23 | Construir | Barracks |
| 31:36 | Investigar | Wheelbarrow |
| 31:39 | Investigar | Loom |
| 31:39 | Investigar | Loom |
| 31:41 | Crear | Villager (Male) |
| 31:42 | Crear | Villager (Male) |
| 31:42 | Crear | Villager (Male) |
| 31:42 | Crear | Villager (Male) |
| 31:42 | Crear | Villager (Male) |
| 31:43 | Crear | Villager (Male) |
| 31:43 | Crear | Villager (Male) |
| 31:43 | Crear | Villager (Male) |
| 31:43 | Crear | Villager (Male) |
| 31:44 | Crear | Villager (Male) |
| 31:44 | Crear | Villager (Male) |
| 31:44 | Crear | Villager (Male) |
| 31:45 | Crear | Villager (Male) |
| 31:45 | Crear | Villager (Male) |
| 32:12 | Construir | Fish Trap |
| 32:12 | Construir | Fish Trap |
| 32:12 | Construir | Fish Trap |
| 32:12 | Construir | Fish Trap |
| 32:12 | Construir | Fish Trap |
| 32:12 | Construir | Fish Trap |
| 32:12 | Construir | Fish Trap |
| 32:12 | Construir | Fish Trap |
| 32:12 | Construir | Fish Trap |
| 32:12 | Construir | Fish Trap |
| 32:12 | Construir | Fish Trap |
| 32:12 | Construir | Fish Trap |
| 32:12 | Construir | Fish Trap |
| 32:13 | Construir | Fish Trap |
| 32:13 | Construir | Fish Trap |
| 32:13 | Construir | Fish Trap |
| 32:13 | Construir | Fish Trap |
| 32:13 | Construir | Fish Trap |
| 32:13 | Construir | Fish Trap |
| 32:13 | Construir | Fish Trap |
| 32:13 | Construir | Fish Trap |
| 32:13 | Construir | Fish Trap |
| 32:13 | Construir | Fish Trap |
| 32:13 | Construir | Fish Trap |
| 32:13 | Construir | Fish Trap |
| 32:13 | Construir | Fish Trap |
| 32:13 | Construir | Fish Trap |
| 32:13 | Construir | Fish Trap |
| 32:13 | Construir | Fish Trap |
| 32:13 | Construir | Fish Trap |
Build order — gjhabraham
Primeras 150 de 203 acciones detectadas
| 0:16 | Construir | House |
| 0:18 | Investigar | Loom |
| 0:19 | Crear | Villager (Male) |
| 0:19 | Crear | Villager (Male) |
| 0:19 | Crear | Villager (Male) |
| 0:20 | Crear | Villager (Male) |
| 0:20 | Crear | Villager (Male) |
| 0:58 | Construir | House |
| 1:02 | Construir | House |
| 2:25 | Crear | Villager (Male) |
| 2:25 | Crear | Villager (Male) |
| 2:25 | Crear | Villager (Male) |
| 3:12 | Crear | Villager (Male) |
| 3:12 | Crear | Villager (Male) |
| 3:17 | Crear | Villager (Male) |
| 3:27 | Crear | Villager (Male) |
| 3:27 | Crear | Villager (Male) |
| 3:28 | Crear | Villager (Male) |
| 4:03 | Crear | Villager (Male) |
| 4:03 | Crear | Villager (Male) |
| 5:10 | Crear | Villager (Male) |
| 5:10 | Crear | Villager (Male) |
| 5:10 | Crear | Villager (Male) |
| 5:11 | Crear | Villager (Male) |
| 5:11 | Crear | Villager (Male) |
| 5:21 | Construir | Dock |
| 5:37 | Crear | Villager (Male) |
| 5:38 | Crear | Villager (Male) |
| 5:38 | Crear | Villager (Male) |
| 6:25 | Crear | Fishing Ship |
| 6:25 | Crear | Fishing Ship |
| 6:25 | Crear | Fishing Ship |
| 6:37 | Construir | House |
| 7:17 | Construir | Mill |
| 7:43 | Construir | Lumber Camp |
| 7:49 | Crear | Villager (Male) |
| 8:44 | Crear | Fishing Ship |
| 9:24 | Investigar | Feudal Age |
| 9:44 | Crear | Transport Ship |
| 9:58 | Construir | House |
| 10:09 | Construir | House |
| 10:13 | Construir | House |
| 10:14 | Construir | House |
| 12:17 | Investigar | Tech 906 |
| 13:04 | Construir | Barracks |
| 13:08 | Investigar | Town Watch |
| 13:58 | Construir | Fish Trap |
| 13:59 | Construir | Fish Trap |
| 14:01 | Construir | Fish Trap |
| 14:04 | Construir | Fish Trap |
| 14:27 | Construir | Stone Wall |
| 14:33 | Crear | Villager (Male) |
| 14:34 | Crear | Villager (Male) |
| 14:34 | Crear | Villager (Male) |
| 14:34 | Crear | Villager (Male) |
| 14:35 | Crear | Villager (Male) |
| 14:38 | Crear | Villager (Male) |
| 14:44 | Investigar | Horse Collar |
| 16:07 | Construir | Farm |
| 16:09 | Construir | Farm |
| 16:11 | Construir | Farm |
| 16:14 | Construir | Farm |
| 18:34 | Construir | Blacksmith |
| 18:41 | Construir | Stable |
| 18:58 | Crear | Villager (Male) |
| 18:58 | Crear | Villager (Male) |
| 19:54 | Construir | Stone Wall |
| 19:59 | Construir | Stone Wall |
| 20:05 | Construir | Stone Wall |
| 20:10 | Construir | Stone Wall |
| 20:13 | Construir | Stone Wall |
| 20:22 | Construir | Stone Wall |
| 20:29 | Construir | Stone Wall |
| 21:34 | Construir | Mining Camp |
| 21:37 | Investigar | Castle Age |
| 22:22 | Construir | Mining Camp |
| 22:41 | Construir | Mining Camp |
| 22:57 | Construir | Watch Tower |
| 23:54 | Construir | Watch Tower |
| 24:13 | Construir | Lumber Camp |
| 24:46 | Construir | Dock |
| 24:49 | Investigar | Double-Bit Axe |
| 24:58 | Investigar | Heavy Plow |
| 25:31 | Construir | Watch Tower |
| 25:49 | Construir | Stone Wall |
| 25:55 | Construir | Stone Wall |
| 25:58 | Construir | Stone Wall |
| 26:28 | Crear | Demolition Raft |
| 26:54 | Construir | Watch Tower |
| 27:00 | Investigar | Town Patrol |
| 27:21 | Construir | Stone Wall |
| 27:35 | Construir | Stone Wall |
| 27:50 | Construir | Stone Wall |
| 27:56 | Construir | Stone Wall |
| 28:45 | Construir | Watch Tower |
| 28:58 | Construir | Watch Tower |
| 29:11 | Investigar | Wheelbarrow |
| 29:30 | Construir | Farm |
| 29:32 | Construir | Farm |
| 29:47 | Crear | Villager (Male) |
| 29:47 | Crear | Villager (Male) |
| 29:56 | Construir | Farm |
| 29:58 | Construir | Farm |
| 30:00 | Construir | Farm |
| 30:37 | Construir | Watch Tower |
| 30:51 | Construir | Watch Tower |
| 30:56 | Investigar | Husbandry |
| 30:58 | Investigar | Bloodlines |
| 31:16 | Construir | Town Center |
| 31:46 | Investigar | Hand Cart |
| 32:11 | Construir | Watch Tower |
| 32:31 | Crear | Villager (Male) |
| 32:53 | Construir | Stone Wall |
| 33:00 | Construir | Stone Wall |
| 33:05 | Construir | Stone Wall |
| 33:12 | Construir | Dock |
| 33:27 | Crear | Villager (Male) |
| 33:27 | Crear | Villager (Male) |
| 33:28 | Crear | Villager (Male) |
| 33:52 | Construir | Stone Wall |
| 34:00 | Investigar | Tech 905 |
| 34:16 | Crear | Demolition Raft |
| 34:17 | Crear | Demolition Raft |
| 34:19 | Crear | Demolition Raft |
| 34:55 | Construir | Farm |
| 35:26 | Construir | Stone Wall |
| 36:03 | Construir | Siege Workshop |
| 36:48 | Construir | University |
| 37:06 | Crear | Villager (Male) |
| 37:06 | Crear | Villager (Male) |
| 37:58 | Investigar | Guard Tower (upgrade) |
| 38:07 | Investigar | Heated Shot |
| 38:14 | Investigar | Ballistics |
| 39:47 | Construir | Watch Tower |
| 39:56 | Construir | Dock |
| 40:28 | Construir | Watch Tower |
| 40:29 | Construir | Watch Tower |
| 40:50 | Construir | Stone Wall |
| 41:39 | Investigar | Tech 908 |
| 41:53 | Construir | Watch Tower |
| 42:07 | Construir | Monastery |
| 42:13 | Crear | Villager (Male) |
| 42:15 | Investigar | Imperial Age |
| 42:19 | Investigar | Imperial Age |
| 42:48 | Investigar | Light Cavalry (upgrade) |
| 43:22 | Construir | Town Center |
| 44:27 | Investigar | War Galley (upgrade) |
| 44:39 | Crear | Unit 2626 |
| 44:39 | Crear | Unit 2626 |
| 44:39 | Crear | Unit 2626 |
Cronología de la partida
| 2:36 | AzTeca442866 · first_building Dock |
| 3:56 | Inspector_Choi · first_building Dock |
| 4:16 | FuneralRex · first_building Dock |
| 4:41 | YOLT | GeneralFreed · first_building Dock |
| 5:21 | gjhabraham · first_building Dock |
| 5:25 | EvBC_jd8100 · first_building Dock |
| 6:37 | Dani el Master · first_building Dock |
| 9:05 | civilalberto · first_building Dock |
| 9:33 | YOLT | GeneralFreed · first_building Barracks |
| 10:01 | FuneralRex · first_building Barracks |
| 13:04 | gjhabraham · first_building Barracks |
| 14:27 | gjhabraham · wall_segment Stone Wall x4 |
| 15:22 | civilalberto · first_building Barracks |
| 18:17 | Dani el Master · first_building Barracks |
| 18:25 | AzTeca442866 · first_building Barracks |
| 18:41 | gjhabraham · first_building Stable |
| 19:25 | Dani el Master · first_building Archery Range |
| 19:29 | Inspector_Choi · first_building Barracks |
| 19:53 | FuneralRex · first_market_sell 100 stone |
| 19:54 | gjhabraham · wall_segment Stone Wall x4 |
| 19:58 | FuneralRex · first_market_buy 100 food |
| 19:59 | gjhabraham · wall_segment Stone Wall x3 |
| 20:03 | civilalberto · first_market_sell 100 wood |
| 20:05 | gjhabraham · wall_segment Stone Wall x5 |
| 20:10 | gjhabraham · wall_segment Stone Wall x5 |
| 20:12 | Inspector_Choi · first_building Stable |
| 20:13 | gjhabraham · wall_segment Stone Wall x3 |
| 20:19 | EvBC_jd8100 · first_building Barracks |
| 20:20 | Inspector_Choi · first_building Archery Range |
| 20:22 | gjhabraham · wall_segment Stone Wall x4 |
| 20:29 | gjhabraham · wall_segment Stone Wall x4 |
| 20:50 | FuneralRex · first_building Archery Range |
| 20:58 | civilalberto · first_building Castle |
| 22:46 | EvBC_jd8100 · first_building Stable |
| 23:02 | civilalberto · first_market_buy 100 food |
| 23:42 | FuneralRex · first_building Monastery |
| 24:36 | Inspector_Choi · first_building Siege Workshop |
| 24:37 | FuneralRex · first_building Siege Workshop |
| 25:02 | Inspector_Choi · first_market_sell 100 food |
| 25:04 | Inspector_Choi · first_market_buy 100 stone |
| 25:33 | Inspector_Choi · first_building Castle |
| 25:49 | gjhabraham · wall_segment Stone Wall x1 |
| 25:55 | gjhabraham · wall_segment Stone Wall x9 |
| 25:58 | gjhabraham · wall_segment Stone Wall x3 |
| 26:03 | civilalberto · first_building Siege Workshop |
| 27:21 | gjhabraham · wall_segment Stone Wall x5 |
| 27:35 | gjhabraham · wall_segment Stone Wall x5 |
| 27:50 | gjhabraham · wall_segment Stone Wall x5 |
| 27:56 | gjhabraham · wall_segment Stone Wall x7 |
| 28:17 | YOLT | GeneralFreed · first_building Castle |
| 29:05 | AzTeca442866 · first_building Castle |
| 29:08 | FuneralRex · first_building Castle |
| 30:19 | EvBC_jd8100 · first_building Castle |
| 32:53 | gjhabraham · wall_segment Stone Wall x6 |
| 33:00 | gjhabraham · wall_segment Stone Wall x4 |
| 33:05 | gjhabraham · wall_segment Stone Wall x4 |
| 33:52 | gjhabraham · wall_segment Stone Wall x1 |
| 34:06 | AzTeca442866 · first_market_sell 100 food |
| 34:09 | AzTeca442866 · first_market_buy 100 food |
| 34:55 | EvBC_jd8100 · resign |
| 35:26 | gjhabraham · wall_segment Stone Wall x1 |
| 36:03 | gjhabraham · first_building Siege Workshop |
| 36:44 | YOLT | GeneralFreed · first_building Archery Range |
| 37:55 | Dani el Master · first_building Castle |
| 40:50 | gjhabraham · wall_segment Stone Wall x2 |
| 42:07 | gjhabraham · first_building Monastery |
| 43:29 | AzTeca442866 · first_building Monastery |
| 49:32 | YOLT | GeneralFreed · first_building Monastery |
| 50:34 | gjhabraham · wall_segment Stone Wall x6 |
| 50:35 | gjhabraham · wall_segment Stone Wall x1 |
| 50:37 | gjhabraham · wall_segment Stone Wall x1 |
| 50:39 | gjhabraham · wall_segment Stone Wall x1 |
| 50:42 | gjhabraham · wall_segment Stone Wall x1 |
| 52:23 | gjhabraham · first_market_sell 100 food |
[ ANÁLISIS IA · 1 CRÉDITO ]
¿Qué pasó realmente en esta partida?
Wolo.gg analiza cada decisión: build order, eco, micro, errores típicos por bracket. Análisis personalizado por WhatsApp o Discord en 30 segundos.
Guía civ
Polacos
Perfil
Jugador #799560